Map: Romanticide LE

Players

MaxPax - Winner!

  • Race: Protoss Protoss

MarineLorD

  • Race: Terran Terran
  • League: Master

Event: DreamHack SC2 Masters 2021 Fall

VOD

Have the link to the VOD?

Description

Time

  • Played on: Aug. 14, 2021, 9:37 a.m.
  • Length: 14:34

All games in this series

Show
View Real Time Build Order
Export as new Build Order

MaxPax Protoss - Winner!

Build Orders: 1 Gate Expand, Blink Stalkers 

Get SALT Encoding   

  12  0:00  Probe  
  13  0:12  Probe  
  14  0:17  Pylon  
  14  0:24  Probe (Chrono Boost)  
  15  0:36  Probe (Chrono Boost)  
  15  0:38  Gateway  
  16  0:45  Probe (Chrono Boost)  
  17  0:51  Probe  
  17  0:54  Assimilator  
  18  1:03  Probe  
  19  1:15  Probe  
  20  1:26  Cybernetics Core  
  20  1:34  Nexus  
  20  1:38  Probe  
  21  1:45  Pylon  
  21  1:50  Probe  
  21  1:53  Assimilator  
  22  2:00  Adept (Chrono Boost)  
  22  2:03  Warp Gate  
  22  2:06  Probe (Chrono Boost)  
  25  2:18  Probe (Chrono Boost)  
  26  2:22  Adept  
  26  2:25  Probe (Chrono Boost)  
  29  2:30  Twilight Council  
  29  2:32  Probe  
  30  2:44  Probe  
  30  2:47  Shield Battery  
  30  2:48  Probe  
  32  2:56  Robotics Facility  
  32  2:57  Probe  
  33  3:02  Stalker (Chrono Boost)  
  35  3:08  Probe  
  35  3:09  Probe  
  37  3:20  Probe  
  37  3:21  Blink (Chrono Boost)  
  37  3:23  Probe  
  39  3:32  Probe  
  40  3:36  Probe  
  40  3:39  Pylon  
  41  3:41  Gateway  
  41  3:48  Gateway  
  41  3:50  Probe  
  41  3:51  Observer (Chrono Boost)  
  41  3:53  Pylon  
  41  3:55  Stalker  
  45  3:58  Probe  
  45  4:02  Probe  
  47  4:07  Warp Prism (Chrono Boost)  
  49  4:11  Probe  
  49  4:14  Probe  
  51  4:21  Stalker  
  51  4:23  Assimilator, Probe  
  54  4:30  Probe  
  55  4:32  Pylon  
  56  4:40  Stalker  
  56  4:42  Probe  
  56  4:44  Pylon  
  56  4:45  Stalker x2  
  60  4:49  Pylon  
  60  4:52  Probe  
  61  5:08  Stalker x2  
  61  5:12  Probe  
  64  5:19  Probe  
  65  5:22  Assimilator  
  64  5:30  Robotics Bay  
  64  5:32  Forge, Observer (Chrono Boost)  
  66  5:38  Stalker x3  
  71  5:46  Probe  
  71  5:47  Probe  
  71  5:49  Nexus  
  73  5:57  Pylon  
  73  5:58  Probe  
  73  5:59  Probe  
  75  6:10  Stalker x2, Probe  
  75  6:11  Stalker  
  82  6:13  Probe  
  82  6:14  Protoss Ground Weapons Level 1 (Chrono Boost), Charge (Chrono Boost)  
  82  6:15  Pylon  
  83  6:25  Probe  
  84  6:28  Colossus (Chrono Boost)  
  84  6:31  Probe  
  91  6:37  Probe  
  92  6:43  Probe  
  93  6:49  Pylon, Probe  
  93  6:53  Zealot x3  
  100  6:55  Probe  
  101  7:01  Probe  
  101  7:04  Observer  
  101  7:06  Probe  
  101  7:08  Probe  
  104  7:12  Colossus (Chrono Boost)  
  104  7:13  Probe  
  101  7:18  Gateway  
  101  7:19  Extended Thermal Lance  
  101  7:20  Gateway  
  101  7:22  Gateway  
  101  7:24  Photon Cannon  
  101  7:34  Shield Battery  
  101  7:40  Stalker x3  
  107  7:44  Shield Battery  
  107  7:46  Probe  
  107  7:47  Probe  
  109  7:53  Colossus (Chrono Boost)  
  109  7:54  Probe  
  114  8:06  Gateway  
  114  8:07  Gateway  
  114  8:10  Stalker x2  
  114  8:11  Gateway  
  117  8:14  Pylon  
  117  8:18  Assimilator  
  117  8:19  Assimilator, Pylon  
  117  8:20  Dark Shrine  
  117  8:21  Observer  
  117  8:34  Nexus, Pylon  
  117  8:37  Probe x3  
  117  8:38  Sentry  
  117  8:39  Pylon, Sentry  
  124  8:46  Disruptor (Chrono Boost)  
  127  8:49  Probe  
  127  8:50  Zealot x2  
  132  9:00  Pylon  
  132  9:07  Shield Battery, Stalker x2, Zealot x4  
  132  9:08  Protoss Ground Weapons Level 2 (Chrono Boost)  
  144  9:14  Pylon  
  144  9:19  Probe  
  145  9:29  Zealot x4  
  151  9:33  Zealot x2  
  132  9:42  Robotics Facility  
  132  9:44  Pylon  
  132  9:46  Zealot x2  
  132  9:48  Robotics Facility  
  136  9:53  Zealot x3  
  136  9:56  Shadow Stride  
  142  10:03  Stalker x3  
  148  10:11  Photon Cannon  
  148  10:16  Shield Battery  
  148  10:23  Stalker x2  
  152  10:29  Disruptor (Chrono Boost)  
  152  10:34  Disruptor (Chrono Boost)  
  158  10:41  Stalker x6  
  145  11:08  Zealot x5  
  145  11:09  Zealot  
  154  11:11  Disruptor (Chrono Boost)  
  154  11:16  Disruptor (Chrono Boost)  
  157  11:23  Gateway  
  157  11:25  Pylon  
  157  11:28  Probe x2  
  157  11:29  Probe  
  157  11:31  Dark Templar x8  
  176  11:33  Dark Templar  
  178  11:41  Pylon  
  178  11:42  Assimilator  
  178  11:45  Assimilator  
  133  12:03  Disruptor x2  
  133  12:04  Probe  
  133  12:07  Stalker x3  
  133  12:08  Stalker x3  
  135  12:14  Probe  
  121  12:17  Probe  
  122  12:27  Photon Cannon, Probe x3  
  122  12:29  Probe  
  108  12:39  Probe x2  
  108  12:43  Zealot x7  
  108  12:44  Zealot x3  
  128  12:45  Disruptor  
  128  12:48  Observer  
  133  12:51  Probe x2  
  133  12:52  Disruptor  
  138  13:05  Dark Templar x4  
  146  13:13  Zealot  
  146  13:14  Zealot x2  
  152  13:21  Zealot x3  
  141  13:34  Zealot x3  
  145  13:49  Stalker x5  
  145  13:54  Disruptor  
  154  14:08  Stalker x2  
  154  14:09  Stalker x3  
Show
View Real Time Build Order
Export as new Build Order

MarineLorD Terran 

Build Orders:  

Get SALT Encoding   

  12  0:00  SCV  
  13  0:12  SCV  
  14  0:17  Supply Depot  
  14  0:24  SCV  
  15  0:28  Refinery  
  15  0:38  SCV  
  16  0:44  Barracks  
  16  0:50  SCV  
  17  1:02  SCV  
  18  1:15  SCV  
  19  1:32  Marine  
  20  1:42  Command Center  
  20  1:49  Factory  
  20  2:00  Orbital Command  
  20  2:05  Barracks Reactor  
  20  2:10  Supply Depot  
  20  2:24  Barracks  
  20  2:25  SCV  
  23  2:46  Marine x2  
  23  2:47  SCV  
  26  2:53  Orbital Command  
  26  2:59  SCV, Barracks  
  27  3:10  Marine x2  
  27  3:11  SCV  
  28  3:15  Barracks Tech Lab  
  28  3:19  SCV  
  29  3:23  SCV  
  30  3:27  Bunker  
  30  3:28  Marine  
  30  3:31  SCV  
  30  3:33  Marine, Stimpack  
  33  3:35  SCV  
  33  3:37  Refinery  
  34  3:41  Marine  
  34  3:45  Marine  
  34  3:46  SCV  
  34  3:47  SCV, Barracks Tech Lab  
  38  3:53  Supply Depot  
  38  4:00  Marine x2  
  38  4:01  SCV x2  
  42  4:08  Marine x2  
  42  4:09  Combat Shield  
  44  4:13  SCV x2  
  44  4:16  Supply Depot  
  46  4:20  Marine x2  
  48  4:25  SCV x2  
  48  4:26  Engineering Bay  
  48  4:28  Marine  
  51  4:37  Supply Depot, SCV x2  
  51  4:38  Refinery  
  53  4:42  Marine x2  
  53  4:44  Marine  
  58  4:51  Marine  
  59  4:57  SCV  
  58  5:00  Marine, Marauder  
  58  5:01  Starport  
  58  5:05  Bunker  
  58  5:07  SCV, Terran Infantry Weapons Level 1  
  61  5:08  Supply Depot  
  61  5:09  SCV  
  63  5:18  Marauder  
  63  5:20  Marine x2  
  60  5:23  SCV x2  
  60  5:24  Bunker  
  60  5:27  Marauder  
  64  5:31  Refinery, Supply Depot  
  64  5:37  Medivac  
  64  5:41  Marauder  
  70  5:45  Missile Turret  
  70  5:49  SCV  
  69  5:50  SCV  
  69  5:56  Factory  
  70  6:01  SCV  
  70  6:02  SCV  
  70  6:03  Marauder x2  
  73  6:13  SCV  
  73  6:16  Barracks Reactor  
  74  6:24  Viking, Medivac  
  74  6:25  Marauder x2  
  82  6:36  Supply Depot  
  82  6:38  Supply Depot  
  82  6:39  Factory Reactor  
  82  6:48  Marauder  
  82  6:51  Marauder  
  85  6:58  Marine, Medivac x2  
  90  7:06  Barracks  
  90  7:07  Barracks  
  90  7:09  Marauder  
  90  7:12  SCV, Command Center  
  90  7:13  SCV  
  94  7:16  Marine x2  
  94  7:17  Marauder  
  98  7:24  Missile Turret  
  98  7:25  SCV x2  
  100  7:30  Medivac  
  102  7:38  Terran Infantry Armor Level 1  
  102  7:40  Supply Depot  
  102  7:41  Supply Depot  
  102  7:46  Marine, Supply Depot x2, Medivac, Marauder x2  
  104  8:01  Marine  
  104  8:02  Barracks Reactor  
  104  8:03  Barracks Tech Lab  
  105  8:07  Marauder  
  105  8:12  Concussive Shells  
  107  8:14  SCV x2  
  107  8:19  Medivac x2  
  111  8:26  SCV x2  
  113  8:27  Marine x3, Marauder, Missile Turret  
  119  8:35  Marauder  
  119  8:38  SCV x2  
  119  8:40  Bunker  
  122  8:46  Marauder  
  122  8:48  Marine x3  
  126  8:49  Marauder  
  126  8:50  Marine, SCV x2  
  132  8:55  Marine  
  132  9:00  Armory  
  133  9:03  Engineering Bay  
  133  9:07  Marauder  
  133  9:09  Marine  
  136  9:10  Marauder  
  136  9:13  Orbital Command  
  136  9:15  SCV  
  138  9:19  Marine, Marauder  
  139  9:25  Marine  
  139  9:29  Marauder  
  139  9:30  Marine x2  
  142  9:32  Marauder  
  142  9:36  Marine  
  137  9:40  Marauder  
  137  9:43  Marine  
  137  9:45  SCV x2  
  142  9:48  Marine x2  
  142  9:50  Marauder  
  132  9:53  SCV, Marauder  
  132  9:54  Marine  
  132  9:58  Terran Infantry Weapons Level 2  
  136  10:00  Terran Infantry Armor Level 2  
  136  10:02  Marauder  
  136  10:04  SCV x2  
  140  10:12  Terran Ship Weapons Level 1  
  140  10:20  Marine x3, Marauder x2  
  147  10:22  Marine, Ghost Academy  
  147  10:25  Supply Depot  
  147  10:26  Supply Depot  
  148  10:36  Marauder  
  148  10:38  Marine x2  
  152  10:47  Bunker  
  152  10:49  Marine, Marauder  
  149  10:54  Marine, Marauder  
  151  11:03  Marauder  
  129  11:05  Marine  
  129  11:08  Marine  
  129  11:10  Marine  
  129  11:11  Marauder  
  130  11:15  Marauder, Command Center  
  130  11:16  SCV x2  
  134  11:20  Marine  
  134  11:22  Barracks  
  134  11:23  Marine, Barracks  
  134  11:24  Marauder  
  138  11:27  Enhanced Shockwaves  
  138  11:31  Ghost  
  140  11:36  Ghost  
  142  11:41  Marine x2  
  142  11:42  Marine  
  142  11:45  Ghost  
  137  11:58  Marine  
  137  11:59  Marine x2  
  137  12:00  Ghost  
  101  12:18  Marine  
  101  12:19  Marine x2, Marauder x2  
  101  12:20  SCV x3  
  101  12:24  Marine  
  101  12:28  Orbital Command  
  101  12:29  Marauder  
  99  12:32  SCV x2  
  99  12:33  SCV  
  99  12:36  Marine x2  
  104  12:39  Marine  
  104  12:40  Marauder  
  104  12:43  Medivac  
  110  12:44  SCV  
  110  12:47  Ghost  
  110  12:50  Medivac  
  114  12:59  Orbital Command  
  114  13:00  Marine  
  114  13:03  Marauder  
  114  13:04  Missile Turret  
  119  13:06  Bunker, Marauder  
  119  13:08  Marine  
  119  13:09  Marine  
  121  13:13  Marine  
  121  13:17  Marauder  
  124  13:20  Marine  
  124  13:25  Marauder  
  125  13:33  Marine  
  125  13:34  Marine, Marauder  
  118  13:35  Marine x2  
  118  13:36  Medivac  
  118  13:38  Marauder  
  125  13:42  SCV x4  
  127  13:54  SCV x3  
  130  13:59  Marine  
  130  14:00  Marine x4, Marauder  
  130  14:01  Marine x3  

Tags
 
Add a new tag
Caveats
  • Supply blocks, unpowered buildings, or Contaminate may cause inaccurate times.
  • Supply counts are checked every 10 seconds.